 Dungeon Crawl Stone Soup version 0.23.2-40-g277498a001 (webtiles) character file.

Game seed: 16142483852819166794

901 Kikorro the Slasher (level 7, -3/61 HPs)
             Began as a Green Draconian Fighter on Sept 5, 2019.
             Was an Initiate of the Shining One.
             Slain by Prince Ribbit (17 damage)
             ... while paralysed
             ... on level 6 of the Dungeon.
             The game lasted 00:16:02 (4971 turns).

Kikorro the Slasher (Green Draconian Fighter)       Turns: 4971, Time: 00:16:02

Health: -3/61      AC:  9    Str: 20    XL:     7   Next: 80%
Magic:  7/7        EV:  2    Int:  8    God:    the Shining One [......]
Gold:   168        SH:  0    Dex: 11    Spells: 6/6 levels left

rFire    . . .     SeeInvis .   a - +0 long sword
rCold    + . .     Gourm    .   b - +0 shield
rNeg     + . .     Faith    .   (armour unavailable)
rPois    +         Spirit   .   (helmet restricted)
rElec    .         Reflect  .   (no cloak)
rCorr    .         Harm     .   t - +2 pair of gloves
MR       .....                  (no boots)
Stlth    +.........             (no amulet)
HPRegen  0.20/turn              j - ring of protection from cold
MPRegen  0.10/turn              v - ring of positive energy

@: paralysed, berserk cooldown, slowed, glowing
A: breathe noxious fumes, unfitting armour, poison resistance, cold-blooded, AC
+6
a: Breathe Noxious Fumes, Renounce Religion


You were on level 6 of the Dungeon.
You worshipped the Shining One.
The Shining One was noncommittal.
You were not hungry.

You visited 1 branch of the dungeon, and saw 6 of its levels.

You collected 280 gold pieces.
You spent 112 gold pieces at shops.

Inventory:

Hand Weapons
 a - a +0 long sword (weapon)
Armour
 b - a +0 shield (worn)
 t - a +2 pair of gloves (worn)
Jewellery
 j - a ring of protection from cold (left hand)
 v - a ring of positive energy (right hand)
Wands
 s - a wand of disintegration (13)
Scrolls
 e - 2 scrolls of teleportation
 g - a scroll of immolation {unknown}
 l - a scroll of fear {unknown}
 m - 3 scrolls of remove curse
 o - a scroll of random uselessness {unknown}
 q - a scroll of magic mapping {unknown}
 r - 2 scrolls of blinking
Potions
 c - 2 potions of might
 f - a potion of ambrosia
 h - 2 potions of lignification
 n - a potion of heal wounds
 p - a potion of brilliance {unknown}
Comestibles
 d - 16 rations
 k - a chunk of flesh


   Skills:
 + Level 5.3 Fighting
 + Level 6.2 Long Blades
 + Level 4.3 Dodging
 - Level 0.2 Stealth
 + Level 4.8 Shields


You had 6 spell levels left.
You didn't know any spells.
Your spell library contained the following spells:

 Spells                   Type           Power        Failure   Level  Hunger
 Summon Small Mammal      Summ           #...         85%         1    ##.....
 Call Imp                 Summ           #.......     94%         2    ###....
 Call Canine Familiar     Summ           #.......     99%         3    ####...
 Summon Guardian Golem    Hex/Summ       #.......     99%         3    ####...
 Summon Ice Beast         Ice/Summ       #.......     100%        4    #####..
 Summon Lightning Spire   Summ/Air       #.......     100%        4    #####..


Dungeon Overview and Level Annotations

Branches:
Dungeon (6/15)
 Temple: D:4-7

Altars:
Elyvilon
Fedhas
Gozag
Hepliaklqana
Makhleb
Nemelex Xobeh
Uskayaw
The Shining One

Shops:
D:5 *

Annotations:
D:6 Prince Ribbit


Innate Abilities, Weirdness & Mutations

You can breathe blasts of noxious fumes.
Your lurid green scales are hard. (AC +6)
You cannot fit into any form of body armour.
Your system is resistant to poisons. (rPois)
You are cold-blooded and may be slowed by cold attacks.


Message History

You block Prince Ribbit's attack.
You hit Prince Ribbit.
Prince Ribbit is lightly wounded.
Prince Ribbit hits you.
You barely miss Prince Ribbit.
Prince Ribbit is lightly wounded.
Prince Ribbit blinks!
You feel a strong urge to attack something.
You closely miss Prince Ribbit. You tail-slap Prince Ribbit!
Prince Ribbit is severely wounded.
You are no longer berserk.
You pass out from exhaustion.
You feel yourself slow down. Prince Ribbit hits you.
* * * LOW HITPOINT WARNING * * *
Prince Ribbit hits you but does no damage.
Prince Ribbit hits you.
* * * LOW HITPOINT WARNING * * *
Prince Ribbit hits you but does no damage.
Prince Ribbit hits you!
You die...

..... .F...
#......
#......###
#........# #
... #.# .. ..
#.######.##
#.##.......>..
#.....@F...#
######...###
###...(##
###......#
###...#.####
###...#...#
#...###.###
...##....# .#
#.####


You could see Prince Ribbit.

Vanquished Creatures
  A black bear (D:4)
  An ogre (D:4)
  A bullfrog (D:4)
  A scorpion (D:4)
  2 howler monkeys
  2 orc priests
  3 hounds
  5 orc wizards (D:5)
  Ijyb (D:5)
  A worker ant (D:4)
  4 gnolls (D:3)
  5 adders
  An ooze (D:5)
  4 worms
  A dart slug (D:5)
  5 leopard geckos
  17 orcs
  2 ball pythons
  8 giant cockroaches
  9 goblins
  9 hobgoblins
  3 jackals
  7 kobolds
  A ball python skeleton (D:4)
  9 bats
  10 frilled lizards
  12 rats
125 creatures vanquished.

Notes
Turn   | Place    | Note
-------+----------+-------------------------------------------
     0 | D:1      | Kikorro the Draconian Fighter began the quest for the Orb.
     0 | D:1      | Reached XP level 1. HP: 19/19 MP: 1/1
    78 | D:1      | Reached XP level 2. HP: 17/26 MP: 2/2
   686 | D:1      | Reached XP level 3. HP: 31/31 MP: 3/3
  1414 | D:2      | Reached XP level 4. HP: 40/40 MP: 4/4
  2041 | D:3      | Reached skill level 3 in Long Blades
  2312 | D:3      | Reached XP level 5. HP: 43/46 MP: 5/5
  2512 | D:3      | Found a glowing golden altar of the Shining One.
  2666 | D:3      | Became a worshipper of the Shining One
  2868 | D:4      | Reached skill level 4 in Long Blades
  3052 | D:4      | Found a blossoming altar of Fedhas.
  3065 | D:4      | Found a sparkling altar of Nemelex Xobeh.
  3080 | D:4      | Found a hide-covered altar of Uskayaw.
  3084 | D:4      | Found an opulent altar of Gozag.
  3237 | D:4      | Noticed a black bear
  3242 | D:4      | Killed a black bear
  3242 | D:4      | Reached XP level 6. HP: 32/53 MP: 6/6
  3662 | D:4      | Reached skill level 5 in Long Blades
  3732 | D:4      | Found a burning altar of Makhleb.
  3860 | D:4      | Your scales start taking on a lurid green colour.
  3860 | D:4      | Reached XP level 7. HP: 60/60 MP: 7/7
  3860 | D:4      | Gained mutation: Your system is resistant to poisons.
                  | (rPois) [Green Draconian growth]
  4122 | D:5      | Entered Level 5 of the Dungeon
  4135 | D:5      | Reached skill level 5 in Fighting
  4139 | D:5      | Found Fuckucil's General Store.
  4161 | D:5      | Reached skill level 6 in Long Blades
  4229 | D:5      | Noticed Ijyb
  4251 | D:5      | Killed Ijyb
  4355 | D:5      | Bought a scroll of blinking for 112 gold pieces
  4488 | D:5      | Found a hazy altar of Hepliaklqana.
  4599 | D:5      | Found a white marble altar of Elyvilon.
  4947 | D:6      | Noticed Prince Ribbit
  4971 | D:6      | Slain by Prince Ribbit

Skill      XL: |  1  2  3  4  5  6  7 |
---------------+----------------------+-----
Dodging        | 3 4 |  4.3
Fighting       | 4 5 |  5.3
Long Blades    | 3 4 5 6 |  6.2
Shields        | 4 |  4.8
Stealth        | |  0.2

Action                   |  1- 3 |  4- 6 |  7- 9 || total
-------------------------+-------+-------+-------++-------
Melee: Long sword        |   123 |   179 |   105 ||   407
       Tailslap          |    12 |    34 |    14 ||    60
  Use: Scroll            |     1 |     4 |     3 ||     8
       Potion            |       |       |     1 ||     1
  Eat: Chunk             |     2 |     6 |     2 ||    10
       Ration            |       |     1 |       ||     1
Armor: Skin              |    37 |    85 |    19 ||   141
Dodge: Dodged            |    56 |   108 |    29 ||   193
Block: Shield            |    58 |   112 |    38 ||   208
       Rpst.: Long sword |    23 |    32 |     8 ||    63
